Map: Ever Dream LE

Players

piglet

  • Race: Terran Terran
  • League: Grandmaster
  • Spawn Location: 7:00

EnDerr - Winner!

  • Race: Zerg Zerg
  • League: Master
  • Spawn Location: 1:00

Event: DreamHack SC2 Masters 2020 Fall

VOD

Have the link to the VOD?

Description

Time

  • Played on: Aug. 27, 2020, 5:32 a.m.
  • Length: 16:04

All games in this series

Show
View Real Time Build Order
Export as new Build Order

piglet Terran 

Build Orders: Gas First Reaper Expand, Mech 

Get SALT Encoding   

  12  0:00  SCV  
  13  0:12  SCV  
  14  0:16  Supply Depot  
  14  0:24  SCV  
  15  0:29  Refinery  
  15  0:38  SCV  
  16  0:44  Barracks  
  16  0:50  SCV  
  17  1:02  SCV  
  18  1:14  SCV  
  19  1:31  Reaper, Orbital Command  
  20  1:44  Command Center  
  20  1:55  Factory  
  20  1:58  SCV  
  21  2:06  Barracks Reactor  
  21  2:07  Refinery  
  21  2:12  SCV  
  22  2:18  Supply Depot  
  21  2:24  SCV  
  22  2:36  SCV  
  23  2:40  Starport  
  23  2:47  Hellion x2  
  23  2:50  SCV  
  28  2:57  Orbital Command  
  28  3:03  Barracks Tech Lab  
  28  3:07  SCV  
  28  3:10  Hellion  
  31  3:15  Hellion  
  31  3:19  SCV  
  34  3:24  SCV  
  35  3:29  Barracks Tech Lab  
  35  3:31  SCV  
  36  3:36  SCV  
  36  3:38  Viking  
  39  3:45  SCV  
  40  3:50  Supply Depot  
  40  3:55  Armory, SCV  
  40  4:03  Supply Depot  
  40  4:06  SCV  
  40  4:07  SCV  
  42  4:10  Siege Tank  
  45  4:17  Refinery  
  45  4:18  SCV  
  45  4:21  SCV  
  47  4:28  Command Center  
  47  4:30  SCV  
  48  4:33  SCV  
  48  4:34  Refinery  
  47  4:42  SCV  
  47  4:45  SCV  
  49  4:53  Thor  
  49  4:54  SCV  
  49  4:57  SCV, Terran Vehicle Weapons Level 1  
  57  5:04  Hellion x4  
  57  5:07  SCV, Supply Depot  
  58  5:09  SCV  
  58  5:11  Liberator  
  62  5:27  SCV x2  
  49  5:39  SCV x2  
  51  5:48  Orbital Command  
  50  5:51  SCV  
  50  5:56  SCV  
  51  6:03  SCV  
  51  6:09  Supply Depot  
  52  6:15  SCV  
  52  6:18  SCV  
  53  6:19  Hellion  
  55  6:29  Armory  
  55  6:33  SCV  
  53  6:44  Thor  
  53  6:46  SCV, Orbital Command  
  60  6:55  Factory  
  60  6:56  Factory  
  60  6:58  Supply Depot  
  60  7:00  SCV  
  61  7:07  Medivac  
  63  7:12  SCV  
  63  7:13  Orbital Command  
  65  7:15  SCV  
  64  7:24  SCV  
  64  7:27  SCV  
  61  7:36  SCV  
  65  7:38  SCV  
  65  7:39  SCV  
  65  7:46  Refinery x2  
  65  7:48  SCV, Starport Reactor  
  65  7:50  SCV  
  67  7:52  SCV  
  67  7:56  Thor  
  67  7:57  Thor x2  
  68  8:00  SCV  
  68  8:02  SCV  
  68  8:04  SCV  
  71  8:06  Engineering Bay  
  71  8:13  Supply Depot  
  71  8:14  Terran Vehicle Weapons Level 2  
  71  8:16  Supply Depot  
  71  8:22  SCV x2, Supply Depot  
  71  8:24  Supply Depot  
  71  8:26  Siege Tank  
  76  8:32  Supply Depot, Missile Turret  
  76  8:33  Hellion, Missile Turret  
  76  8:35  Hellion x2  
  76  8:40  Missile Turret  
  80  8:42  Thor  
  80  8:48  Supply Depot  
  86  8:50  SCV x3  
  86  8:53  Infernal Pre-Igniter  
  89  9:02  SCV x2  
  91  9:06  Hellion, Siege Tank  
  91  9:07  Hellion  
  98  9:12  Medivac  
  100  9:18  SCV  
  100  9:20  Supply Depot  
  100  9:23  Armory  
  101  9:24  Supply Depot  
  101  9:26  Hellion  
  104  9:33  Hellion x2  
  104  9:35  Orbital Command  
  104  9:37  SCV  
  104  9:38  SCV  
  109  9:40  Siege Tank  
  112  9:48  Hellion  
  112  9:49  Supply Depot  
  112  9:50  SCV  
  115  9:56  Orbital Command  
  115  9:57  Hellion  
  114  10:02  Hellion  
  116  10:09  Siege Tank  
  116  10:12  Siege Tank  
  116  10:13  SCV  
  121  10:18  Hellion  
  122  10:24  Hellion  
  113  10:30  SCV  
  113  10:31  Refinery  
  112  10:37  SCV  
  112  10:41  Siege Tank  
  111  10:43  SCV  
  111  10:44  SCV, Siege Tank  
  111  10:49  SCV, Hellion  
  115  10:54  Hellion  
  115  10:56  SCV  
  111  11:06  SCV  
  111  11:09  SCV  
  111  11:11  Hellion  
  100  11:12  SCV  
  100  11:13  Refinery  
  100  11:18  SCV  
  108  11:21  SCV  
  108  11:24  SCV  
  108  11:25  Thor  
  110  11:29  Refinery  
  110  11:30  SCV  
  111  11:34  Thor  
  111  11:36  Factory  
  111  11:37  Supply Depot, Factory  
  111  11:38  SCV x2  
  113  11:44  Terran Vehicle Weapons Level 3  
  113  11:45  Missile Turret  
  113  11:46  Thor  
  113  11:58  Siege Tank  
  112  12:03  Missile Turret  
  112  12:05  Missile Turret  
  112  12:07  Missile Turret  
  110  12:09  Missile Turret, Widow Mine x2  
  110  12:10  Thor  
  110  12:13  Terran Vehicle And Ship Armor Level 1  
  110  12:15  Missile Turret  
  112  12:26  SCV x2  
  112  12:28  Thor  
  112  12:29  Supply Depot  
  120  12:30  Supply Depot, Siege Tank  
  120  12:32  Factory Tech Lab  
  120  12:35  Hellion  
  123  12:37  SCV  
  123  12:39  SCV, Starport Reactor  
  123  12:42  Hellion  
  121  12:52  SCV x2  
  121  12:56  Hellion, Missile Turret  
  125  13:02  Siege Tank  
  128  13:09  Hellion, Thor  
  128  13:12  Supply Depot  
  136  13:15  Hellion  
  136  13:19  Siege Tank  
  141  13:21  Hellion  
  141  13:23  Orbital Command  
  141  13:24  Hellion  
  134  13:30  Hellion  
  134  13:32  SCV  
  130  13:36  SCV  
  121  13:45  Hellion, Siege Tank  
  124  13:53  Siege Tank  
  127  13:58  Siege Tank  
  127  13:59  SCV x2  
  132  14:06  Hellion  
  134  14:12  Hellion  
  136  14:24  Supply Depot  
  136  14:26  Hellion, Supply Depot  
  126  14:32  Hellion  
  126  14:34  Hellion  
  126  14:35  Orbital Command  
  126  14:38  Hellion  
  82  14:55  Hellion, Siege Tank  
  82  14:58  Siege Tank  
  90  15:03  Hellion  
  89  15:10  Hellion  
  85  15:16  Siege Tank  
  92  15:32  Siege Tank  
  94  15:37  SCV x2  
  96  15:45  SCV  
Show
View Real Time Build Order
Export as new Build Order

EnDerr Zerg - Winner!

Build Orders: Pool First 

Get SALT Encoding   

  12  0:00  Drone  
  13  0:14  Overlord  
  13  0:20  Drone  
  14  0:33  Drone x2  
  16  0:44  Spawning Pool  
  16  0:47  Drone  
  17  0:50  Drone  
  17  0:52  Extractor  
  16  0:59  Drone  
  17  1:20  Hatchery, Drone  
  17  1:26  Drone  
  17  1:32  Drone  
  19  1:40  Queen  
  21  1:47  Overlord  
  21  1:53  Zergling x2  
  22  1:56  Metabolic Boost  
  22  2:12  Drone  
  23  2:19  Queen  
  23  2:22  Drone  
  26  2:32  Drone x2  
  28  2:42  Hatchery  
  28  2:43  Zergling x2  
  28  2:44  Zergling x2  
  29  2:51  Drone x2  
  31  2:53  Drone x2  
  33  3:02  Lair  
  33  3:06  Overlord  
  33  3:20  Drone x3  
  36  3:27  Drone x5  
  36  3:33  Overlord  
  41  3:40  Queen  
  43  3:42  Overlord  
  43  3:53  Zergling x10  
  48  4:04  Nydus Network  
  48  4:05  Spore Crawler  
  48  4:07  Spore Crawler  
  45  4:10  Queen  
  45  4:14  Spore Crawler  
  46  4:18  Overlord x2  
  46  4:20  Zergling x2  
  46  4:21  Zergling x2  
  48  4:26  Zergling x6  
  48  4:30  Zergling x4  
  53  4:36  Zergling x2  
  53  4:41  Overseer  
  53  4:44  Zergling x10  
  58  4:51  Zergling x6  
  58  4:52  Zergling x2  
  62  4:57  Overlord  
  61  5:07  Zergling x2  
  61  5:08  Zergling x8  
  61  5:12  Nydus Canal  
  66  5:15  Zergling x6  
  66  5:20  Zergling x6  
  72  5:35  Nydus Canal, Zergling x2  
  63  5:36  Zergling x8  
  66  5:43  Zergling x2  
  66  5:44  Zergling x2  
  66  5:45  Zergling x2  
  67  5:51  Nydus Canal  
  67  5:52  Zergling x4  
  69  6:00  Zergling x4  
  65  6:06  Zergling x4  
  60  6:11  Drone  
  60  6:12  Drone  
  60  6:16  Queen x2  
  60  6:17  Drone  
  61  6:21  Drone  
  61  6:22  Roach Warren, Evolution Chamber  
  60  6:26  Drone  
  60  6:28  Drone  
  62  6:34  Drone x2  
  62  6:39  Drone  
  60  6:46  Queen  
  62  6:48  Zerg Missile Weapons Level 1, Extractor  
  62  6:50  Drone x3, Extractor  
  63  6:57  Drone x2  
  63  7:00  Drone  
  66  7:02  Glial Reconstitution  
  66  7:06  Drone x2  
  68  7:13  Overlord  
  68  7:15  Drone  
  69  7:22  Drone x2  
  71  7:28  Drone  
  68  7:33  Drone x6  
  71  7:38  Extractor  
  69  7:45  Overlord x3  
  69  7:51  Overlord x2  
  69  7:55  Extractor  
  69  7:56  Extractor  
  67  8:07  Hatchery  
  67  8:09  Drone  
  67  8:10  Drone x5  
  67  8:11  Drone x4  
  67  8:12  Drone  
  77  8:13  Roach x2  
  77  8:16  Queen  
  77  8:17  Roach  
  77  8:18  Roach  
  87  8:24  Roach  
  91  8:27  Roach x2  
  93  8:37  Roach x2  
  93  8:39  Roach  
  99  8:43  Roach x2  
  99  8:44  Roach  
  99  8:46  Zerg Missile Weapons Level 2  
  105  8:48  Overlord  
  105  8:50  Overlord  
  105  8:52  Roach  
  105  8:53  Roach x3  
  105  8:54  Overlord  
  105  8:55  Overlord  
  112  9:06  Overlord  
  112  9:09  Overseer  
  112  9:12  Ravager  
  112  9:13  Ravager x10  
  123  9:19  Roach  
  123  9:20  Roach x4  
  133  9:24  Drone x8  
  133  9:29  Roach x2  
  145  9:31  Roach  
  145  9:37  Roach x3  
  153  9:43  Roach x3  
  159  9:49  Nydus Canal  
  159  9:51  Overlord  
  159  9:59  Overlord x2  
  149  10:02  Roach x5  
  156  10:08  Spire  
  156  10:12  Nydus Canal  
  119  10:28  Roach x12  
  125  10:37  Drone  
  125  10:39  Extractor  
  125  10:40  Drone x2, Extractor  
  125  10:41  Drone  
  123  10:44  Drone  
  114  10:56  Drone x3  
  109  10:59  Zergling x4  
  109  11:02  Zergling x2  
  104  11:08  Zergling x4  
  104  11:09  Zergling x14  
  104  11:10  Zergling x4  
  101  11:19  Zergling x2  
  101  11:20  Zergling x8  
  102  11:25  Zerg Flyer Weapons Level 1  
  102  11:31  Overseer  
  100  11:32  Mutalisk  
  100  11:33  Mutalisk x11  
  100  11:38  Zerg Melee Weapons Level 1  
  124  11:49  Hatchery  
  124  11:50  Roach  
  124  11:51  Roach x7  
  128  12:25  Overlord x2  
  128  12:26  Overlord x3  
  128  12:28  Roach x14  
  156  12:33  Roach x3  
  156  12:34  Roach x2  
  163  12:39  Roach  
  163  12:40  Roach x2  
  166  12:48  Roach  
  166  12:49  Roach x3  
  164  12:59  Roach x8  
  164  13:02  Ravager x7  
  164  13:03  Ravager  
  164  13:04  Ravager x2  
  190  13:09  Roach x3  
  190  13:11  Roach  
  198  13:16  Roach  
  196  13:20  Roach x2  
  196  13:22  Roach  
  196  13:26  Roach  
  181  13:27  Roach  
  181  13:29  Roach  
  181  13:30  Roach  
  173  13:49  Zerg Ground Armor Level 1  
  173  13:52  Infestation Pit  
  168  13:58  Zergling x14  
  168  13:59  Zergling x36  
  168  14:01  Ravager x5  
  168  14:02  Ravager  
  199  14:24  Zergling x2  
  199  14:31  Zergling x4  
  158  14:34  Zergling x2  
  158  14:37  Zergling x2  
  106  14:49  Mutalisk x8  
  106  14:50  Mutalisk x6  
  134  14:56  Mutalisk  
  136  15:00  Drone  
  136  15:01  Drone x9  
  136  15:02  Mutalisk  
  145  15:07  Mutalisk x2  
  145  15:11  Extractor  
  145  15:15  Mutalisk  
  145  15:16  Zergling x2  
  145  15:17  Zergling x18  
  157  15:34  Extractor  
  156  15:46  Zergling x2  
  161  15:54  Hatchery  

Tags
 
Add a new tag
Caveats
  • Supply blocks, unpowered buildings, or Contaminate may cause inaccurate times.
  • Supply counts are checked every 10 seconds.